Map: [ESL] Alcyone

Players

Fjant - Winner!

  • Race: Zerg Zerg
  • League: Grandmaster
  • Spawn Location: 7:00

eonblu

  • Race: Zerg Zerg
  • Spawn Location: 1:00

Event: HomeStory Cup XXV

VOD

Have the link to the VOD?

Description

Time

  • Played on: June 21, 2024, 6:29 a.m.
  • Length: 6:09

All games in this series

Show
View Real Time Build Order
Export as new Build Order

Fjant Zerg - Winner!

Build Orders: Hatch First 

Get SALT Encoding   

  12  0:00  Drone  
  13  0:12  Overlord  
  13  0:17  Drone  
  14  0:31  Drone x2  
  16  0:47  Hatchery  
  15  0:52  Drone  
  15  0:55  Drone  
  17  0:58  Drone  
  18  1:11  Spawning Pool  
  17  1:13  Extractor  
  17  1:16  Drone  
  17  1:20  Drone  
  18  1:28  Drone  
  19  1:44  Drone  
  20  1:56  Drone  
  20  1:59  Queen x2, Zergling x2  
  20  2:00  Overlord  
  26  2:11  Drone x2  
  26  2:13  Metabolic Boost  
  28  2:22  Zergling x2  
  29  2:23  Drone  
  30  2:33  Hatchery  
  29  2:42  Drone, Baneling Nest  
  29  2:44  Drone  
  29  2:50  Overlord  
  29  2:54  Drone x2  
  31  3:03  Zergling x2  
  32  3:08  Overlord  
  32  3:10  Drone, Zergling x6  
  36  3:14  Drone x2  
  36  3:17  Drone  
  39  3:20  Drone  
  39  3:23  Zergling x2  
  41  3:30  Baneling x2  
  41  3:31  Queen  
  43  3:38  Roach Warren  
  42  3:42  Drone x2  
  44  3:51  Drone x5  
  44  3:55  Drone  
  49  4:00  Overlord  
  49  4:01  Overlord  
  49  4:06  Drone  
  49  4:08  Extractor  
  48  4:10  Evolution Chamber  
  48  4:11  Zergling x2  
  48  4:12  Zergling x2  
  48  4:15  Zergling x2  
  49  4:19  Zergling x4  
  51  4:24  Zergling x8  
  51  4:27  Baneling x3  
  54  4:31  Zergling x6  
  54  4:36  Zergling x4  
  59  4:39  Roach  
  59  4:40  Spine Crawler x2  
  59  4:42  Roach  
  59  4:45  Roach  
  63  4:49  Roach x2  
  66  4:53  Roach  
  66  4:58  Roach  
  69  5:01  Roach  
  67  5:07  Zergling x10  
  67  5:12  Zergling x8  
  73  5:18  Zergling x2  
  71  5:24  Zergling x4  
  73  5:31  Roach  
  71  5:36  Zergling x6  
  71  5:40  Zergling x2  
  67  5:45  Zergling x4  
  69  5:51  Drone  
Show
View Real Time Build Order
Export as new Build Order

eonblu Zerg 

Build Orders: Hatch First 

Get SALT Encoding   

  12  0:00  Drone  
  13  0:12  Overlord  
  13  0:17  Drone  
  14  0:30  Drone x2  
  16  0:48  Hatchery  
  15  0:51  Drone  
  15  0:54  Drone  
  17  1:05  Extractor  
  17  1:09  Spawning Pool  
  15  1:13  Drone  
  15  1:16  Drone  
  17  1:20  Drone  
  18  1:30  Drone  
  19  1:47  Drone  
  20  1:55  Overlord  
  20  1:59  Queen x2  
  20  2:00  Zergling x4  
  26  2:07  Metabolic Boost  
  26  2:11  Drone  
  26  2:12  Drone  
  28  2:21  Drone x2  
  30  2:35  Hatchery  
  29  2:40  Drone x2  
  31  2:49  Overlord  
  31  2:57  Drone x3  
  33  3:06  Baneling Nest  
  33  3:07  Drone  
  33  3:13  Drone x3, Roach Warren  
  33  3:15  Drone  
  33  3:19  Zergling x4  
  38  3:21  Zergling x2  
  38  3:25  Overlord  
  39  3:30  Zergling x2  
  40  3:39  Overlord  
  40  3:40  Overlord  
  40  3:51  Baneling x2  
  40  3:52  Zergling x10  
  40  3:53  Zergling x2  
  45  4:08  Roach x4  
  45  4:09  Roach  
  55  4:15  Roach  
  56  4:18  Zergling x14  
  62  4:34  Roach x2  
  62  4:35  Zergling x6  
  67  4:40  Queen  
  67  4:41  Overlord  
  67  4:42  Zergling x2  
  66  4:53  Zergling x2  
  66  4:54  Zergling x12  
  66  4:58  Baneling x2  
  70  5:06  Zergling x8  
  66  5:15  Drone x3  
  65  5:24  Extractor  
  65  5:26  Drone x3  
  67  5:28  Evolution Chamber  
  59  5:38  Roach  
  59  5:39  Roach x2  
  55  5:44  Roach  
  53  5:51  Zergling x2  
  53  5:52  Zergling x4  
Tags
 
Add a new tag
Caveats
  • Supply blocks, unpowered buildings, or Contaminate may cause inaccurate times.
  • Supply counts are checked every 10 seconds.